 Dungeon Crawl Stone Soup version 0.19.0-19-g8c6edcc (webtiles) character file.

81 Rrauwl the Magician (level 4, 0/24 HPs)
             Began as a Deep Elf Wizard on Nov 12, 2016.
             Slain by a hound (3 damage)
             ... on level 3 of the Dungeon.
             The game lasted 00:22:12 (1920 turns).

Rrauwl the Magician (Deep Elf Wizard)               Turns: 1920, Time: 00:22:13

Health: 0/24       AC:  3    Str:  4    XL:     4   Next: 20%
Magic:  10/13      EV: 13    Int: 24    God:
Gold:   139        SH:  0    Dex: 13    Spells: 5 memorised, 2 levels left

rFire  . . .     SeeInvis .     p - +2 dagger (holy)
rCold  . . .     Gourm    .     a - +0 robe
rNeg   . . .     Faith    .     (no shield)
rPois  .         Spirit   .     b - +0 hat
rElec  .         Reflect  .     (no cloak)
rCorr  .         Harm     .     m - +0 pair of gloves
MR     .....                    (no boots)
Stlth  ++........               (no amulet)
                                (no ring)
                                (no ring)

@: no status effects
A: no striking features
a: no special abilities


You were on level 3 of the Dungeon.
You were not hungry.

You visited 1 branch of the dungeon, and saw 3 of its levels.

You collected 139 gold pieces.

Inventory:

Hand Weapons
 p - a +2 dagger of holy wrath (weapon)
Missiles
 h - 62 bolts
 i - 13 arrows
Armour
 a - a +0 robe (worn)
 b - a +0 hat (worn)
 m - a +0 pair of gloves (worn)
Scrolls
 e - a scroll of magic mapping
 j - 2 scrolls of remove curse
 k - a scroll of identify
Potions
 g - a potion of heal wounds
 o - a potion of curing
Books
 c - a book of Minor Magic

   Spells                             Type                      Level
   a - Magic Dart                     Conjuration                  1
   b - Blink                          Translocation                2
   c - Call Imp                       Summoning                    2
   d - Repel Missiles                 Charms/Air                   2
   e - Slow                           Hexes                        2
   f - Conjure Flame                  Conjuration/Fire             3
   g - Mephitic Cloud                 Conjuration/Poison/Air       3
Comestibles
 d - 2 bread rations
 f - 5 chunks of flesh
 l - a meat ration
 n - 3 fruits


   Skills:
 * Level 1.4 Short Blades
 * Level 2.8 Dodging
 - Level 2.4 Stealth
 + Level 5.4 Spellcasting
 + Level 2.4 Conjurations
 * Level 1.5 Summonings
   Level 1.1 Translocations


You had 2 spell levels left.
You knew the following spells:

 Your Spells              Type           Power        Failure   Level  Hunger
a - Magic Dart            Conj           ###.         3%          1    None
b - Call Imp              Summ           ##......     10%         2    None
c - Slow                  Hex            #.......     14%         2    None
d - Mephitic Cloud        Conj/Pois/Air  ##......     21%         3    #......
e - Conjure Flame         Conj/Fire      ##......     17%         3    #......


Dungeon Overview and Level Annotations

Branches:
Dungeon (3/15)

Altars:
Ru


Message History

The hound bites you.
* * * LOW HITPOINT WARNING * * *
Casting: Magic Dart
Confirm with . or Enter, or press ? or * to list all spells.
Aiming: Magic Dart
Press: ? - help, Shift-Dir - straight line, f/p - hound
Aim: a hound (lightly wounded)
The magic dart hits the hound.
The hound is lightly wounded.
The hound barely misses you. The hound bites you.
* * * LOW HITPOINT WARNING * * *
Casting: Magic Dart
Confirm with . or Enter, or press ? or * to list all spells.
Aiming: Magic Dart
Press: ? - help, Shift-Dir - straight line, f/p - hound
Aim: a hound (lightly wounded)
The magic dart hits the hound.
The hound is lightly wounded.
The hound bites you.
You die...

#....##..## #..#..≈≈≈.
#######...#########.#..≈...≈
#.#.....##>..#...≈._.≈
#.#####.....#.#..≈...≈
#.########..#..#..≈≈).
####....##.........######
#.............#####......
#..).....h.....######.#.#
#.......@...........#....
#..............####....##
######..<..........##......##
#............##...##..###...#
#........#######.>...## ###.##
#........#######.##### #..#
#...................#### ##.#
#.......####....###....#####..
#####...# ##....######....##..


You could see a hound.

Vanquished Creatures
  2 adders
  A worm (D:3)
  A dart slug (D:1)
  A leopard gecko (D:2)
  4 orcs (D:3)
  A ball python (D:2)
  9 goblins
  5 hobgoblins
  9 jackals (D:3)
  A quokka (D:3)
  3 bats
  2 frilled lizards (D:1)
  4 kobolds
  7 rats
50 creatures vanquished.

Notes
Turn   | Place    | Note
-------+----------+-------------------------------------------
     0 | D:1      | Rrauwl the Deep Elf Wizard began the quest for the Orb.
     0 | D:1      | Reached XP level 1. HP: 10/10 MP: 7/7
   229 | D:1      | Reached XP level 2. HP: 15/15 MP: 5/9
   674 | D:2      | Learned a level 1 spell: Magic Dart
   677 | D:2      | Learned a level 2 spell: Call Imp
   680 | D:2      | Learned a level 2 spell: Slow
   710 | D:2      | Reached skill level 5 in Spellcasting
  1130 | D:2      | Reached XP level 3. HP: 19/19 MP: 6/11
  1414 | D:3      | Found a sacrificial altar of Ru.
  1455 | D:3      | Reached skill level 1 in Short Blades
  1641 | D:3      | Learned a level 3 spell: Mephitic Cloud
  1659 | D:3      | Reached XP level 4. HP: 12/24 MP: 5/13
  1877 | D:3      | Learned a level 3 spell: Conjure Flame
  1920 | D:3      | Slain by a hound

Skill      XL: |  1  2  3 |
---------------+----------+-----
Spellcasting   | 5 |  5.4
Conjurations   | 2 |  2.4
Short Blades   | 1 |  1.4
Dodging        | |  2.8
Stealth        | |  2.4
Summonings     | |  1.5
Translocations | |  1.1

Action                   |  1- 3 |  4- 6 || total
-------------------------+-------+-------++-------
Melee: Short sword       |    19 |       ||    19
       Dagger            |       |     8 ||     8
 Cast: Magic Dart        |    88 |    24 ||   112
       Slow              |     1 |       ||     1
       Mephitic Cloud    |     1 |       ||     1
  Use: Scroll            |    10 |     1 ||    11
       Potion            |     7 |       ||     7
  Eat: Chunk             |     2 |     1 ||     3
Armor: Robe              |     6 |     9 ||    15
Dodge: Dodged            |    41 |    17 ||    58
